Map: Imperio eterno EE

Players

Rostislav

  • Race: Terran Terran
  • League: Gold
  • Spawn Location: 7:00

MrFercho - Winner!

  • Race: Zerg Zerg
  • League: Silver
  • Spawn Location: 1:00

VOD

Have the link to the VOD?

Description

Time

  • Played on: July 4, 2020, 11:55 a.m.
  • Length: 19:45
Show
View Real Time Build Order
Export as new Build Order

Rostislav Terran 

Build Orders: Banshee Rush 

Get SALT Encoding   

  12  0:01  SCV  
  13  0:13  SCV  
  14  0:21  Supply Depot  
  14  0:25  SCV  
  15  0:31  Refinery  
  15  0:42  SCV  
  16  0:46  Barracks  
  16  0:58  SCV  
  17  1:09  Refinery  
  17  1:10  SCV  
  18  1:23  SCV  
  19  1:34  Engineering Bay  
  19  1:36  SCV  
  20  1:40  Factory  
  20  1:48  SCV  
  21  1:55  Reaper  
  22  2:01  SCV  
  23  2:19  Supply Depot, Terran Infantry Weapons Level 1  
  23  2:34  Starport  
  23  2:40  Marine  
  23  2:41  Factory Tech Lab, SCV  
  23  2:42  Supply Depot  
  25  3:10  Starport Tech Lab  
  25  3:13  Siege Tank  
  28  3:35  Cloaking Field  
  28  3:39  Barracks Tech Lab  
  28  3:47  Banshee  
  31  4:05  Command Center  
  31  4:24  Missile Turret  
  31  4:26  Orbital Command  
  31  4:42  Barracks  
  31  4:46  Missile Turret  
  31  4:53  Medivac  
  33  5:07  Missile Turret  
  33  5:24  Marine  
  34  5:29  Barracks  
  34  5:30  Missile Turret  
  34  5:35  Medivac  
  34  5:42  Marine  
  34  5:54  Terran Infantry Armor Level 1, Missile Turret  
  34  5:55  Siege Tank  
  37  5:59  Barracks Reactor  
  37  6:00  Marine  
  38  6:06  Ghost Academy  
  38  6:16  Planetary Fortress  
  38  6:18  Marine  
  39  6:19  Missile Turret  
  39  6:32  Banshee  
  42  6:35  Marine  
  42  6:39  Barracks Reactor  
  43  6:40  Marine x2  
  46  6:58  Marine x2  
  46  7:01  Hellion  
  49  7:16  Marine, Personal Cloaking  
  50  7:32  Ghost  
  52  7:38  SCV  
  53  7:50  SCV  
  54  8:19  SCV  
  53  8:31  SCV  
  54  8:42  Nuke  
  54  8:43  Missile Turret  
  54  8:47  Missile Turret  
  54  8:58  Marine x2, SCV  
  54  9:38  Refinery, Missile Turret  
  54  9:40  Refinery  
  54  9:53  Supply Depot  
  54  9:55  SCV  
  54  9:56  Marine  
  54  9:57  Marine  
  54  9:59  Viking  
  43  10:07  SCV  
  43  10:13  Ghost  
  46  10:14  Marine x3  
  46  10:15  Marine  
  46  10:16  Supply Depot  
  46  10:19  SCV  
  51  10:29  Banshee  
  51  10:31  SCV  
  51  10:32  Marine x3  
  51  10:33  Marine  
  59  10:39  Supply Depot  
  59  10:42  Marine  
  60  10:50  Marine x3, Neosteel Armor  
  60  10:53  Enhanced Shockwaves  
  63  11:02  Supply Depot  
  63  11:12  Medivac  
  65  11:26  Supply Depot  
  65  11:35  Marine x5  
  70  11:47  Medivac  
  70  11:49  Supply Depot  
  70  11:52  Marine  
  70  11:53  Marine x3  
  74  12:12  Supply Depot  
  74  12:17  Medivac  
  76  12:28  Marine x5  
  81  12:30  Hi-Sec Auto Tracking  
  81  12:35  Supply Depot  
  81  12:38  Fusion Core  
  81  12:39  SCV  
  82  12:45  Marine  
  82  12:46  Marine x4  
  82  12:47  Medivac  
  82  12:51  SCV  
  90  12:59  Supply Depot  
  90  13:03  Marine x2, SCV  
  90  13:04  Marine x3  
  96  13:16  SCV  
  97  13:22  Supply Depot  
  97  13:24  Missile Turret  
  97  13:27  Armory  
  97  13:28  SCV  
  98  13:37  Siege Tank  
  98  13:40  SCV  
  102  13:45  Supply Depot, Missile Turret  
  94  14:02  Nuke  
  94  14:05  Ghost  
  94  14:07  Marine x4  
  94  14:09  Siege Tank  
  103  14:15  Battlecruiser  
  109  14:24  Marine  
  109  14:25  Marine  
  110  14:35  Bunker  
  94  14:55  SCV  
  95  15:07  SCV  
  96  15:20  SCV  
  97  15:25  Battlecruiser  
  103  15:32  SCV  
  103  15:44  SCV  
  104  16:25  Ghost, Marine x3  
  104  16:26  Marine  
  104  16:29  Medivac  
  105  16:43  Marine x3  
  105  16:44  Marine  
  105  16:54  Ghost  
  105  16:59  Medivac  
  105  17:01  Marine x3  
  110  17:02  Marine  
  113  17:18  Marine  
  113  17:19  Marine x2  
  113  17:20  Marine  
  117  17:29  Medivac  
  119  17:43  Marine x3  
  119  17:44  Marine x2  
  112  18:01  Marine x4  
  112  18:02  Marine  
  101  18:19  Marine x4  
Show
View Real Time Build Order
Export as new Build Order

MrFercho Zerg - Winner!

Build Orders: Hatch First, Lurkers 

Get SALT Encoding   

  12  0:05  Drone  
  13  0:21  Overlord  
  13  0:23  Drone  
  14  0:28  Extractor, Drone  
  15  0:39  Drone  
  16  0:58  Drone x2  
  16  1:02  Hatchery  
  17  1:04  Drone  
  18  1:15  Drone  
  18  1:18  Extractor  
  19  1:27  Spawning Pool  
  19  1:29  Drone  
  19  1:33  Extractor  
  19  1:37  Drone  
  19  1:54  Drone  
  20  1:58  Drone  
  21  2:09  Overlord  
  21  2:14  Queen  
  21  2:15  Queen  
  25  2:17  Drone  
  25  2:19  Drone  
  27  2:33  Zergling x4  
  29  2:41  Drone  
  29  2:43  Drone  
  31  2:51  Drone  
  32  2:59  Lair  
  32  3:29  Overlord x5  
  32  3:43  Roach Warren  
  32  3:48  Extractor, Evolution Chamber, Drone x5  
  34  3:55  Drone  
  35  4:01  Drone x4  
  39  4:04  Drone  
  39  4:05  Drone  
  39  4:07  Drone x2  
  43  4:18  Drone  
  43  4:19  Drone  
  43  4:22  Glial Reconstitution, Zerg Missile Weapons Level 1  
  45  4:25  Overlord  
  45  4:41  Overseer  
  45  4:47  Roach x5  
  55  4:54  Extractor  
  54  5:06  Spore Crawler  
  52  5:15  Queen  
  52  5:24  Spore Crawler  
  52  5:27  Drone  
  52  5:29  Drone x9  
  52  5:30  Drone  
  62  5:49  Spore Crawler  
  61  5:50  Queen  
  63  5:59  Overlord x4  
  63  6:00  Overlord x2  
  63  6:14  Roach x2  
  63  6:17  Hatchery  
  66  6:19  Hydralisk Den  
  65  6:31  Drone  
  65  6:32  Drone x7  
  73  6:53  Evolution Chamber  
  72  6:54  Spire  
  71  7:05  Zergling x4  
  71  7:06  Zergling x2  
  74  7:21  Hydralisk  
  74  7:22  Hydralisk x7  
  90  7:38  Drone x2  
  90  7:39  Hatchery  
  90  7:40  Drone x2  
  90  7:41  Drone x2  
  90  7:42  Hatchery  
  90  7:43  Hatchery  
  93  7:44  Extractor  
  91  7:57  Drone  
  91  7:58  Drone x4  
  96  7:59  Overlord x3  
  96  8:02  Extractor  
  96  8:03  Drone  
  96  8:04  Extractor  
  91  8:33  Zerg Missile Weapons Level 2  
  91  8:36  Zerg Ground Armor Level 1  
  91  8:43  Overseer  
  87  9:02  Extractor, Drone  
  87  9:03  Drone x3  
  89  9:10  Hydralisk x9  
  89  9:11  Hydralisk  
  109  9:23  Drone x2  
  111  9:37  Infestation Pit  
  104  10:21  Extractor  
  104  10:28  Drone x10  
  112  10:29  Drone x15  
  128  10:45  Hatchery  
  128  10:47  Hatchery  
  128  10:49  Overlord x2  
  126  10:50  Overlord x2, Hydralisk  
  126  10:51  Hydralisk x6  
  126  10:53  Zerg Ground Armor Level 2  
  140  10:57  Hive  
  140  10:59  Zerg Flyer Weapons Level 1  
  140  11:12  Muscular Augments  
  140  11:17  Lurker Den  
  137  11:37  Spine Crawler  
  137  11:39  Spine Crawler  
  133  11:41  Spore Crawler  
  131  11:55  Overlord x2  
  131  11:56  Overlord x2  
  131  12:13  Extractor  
  130  12:17  Extractor  
  129  12:23  Drone, Grooved Spines  
  129  12:24  Drone x13  
  129  12:25  Drone x3, Unknown  
  129  12:26  Drone  
  146  12:40  Zerg Missile Weapons Level 3  
  146  12:46  Adaptive Talons  
  146  12:55  Greater Spire  
  127  13:23  Hydralisk x2  
  127  13:24  Hydralisk x25  
  181  13:43  Seismic Spines  
  181  13:53  Hydralisk Den  
  168  14:06  Zerg Ground Armor Level 3  
  168  14:09  Drone  
  170  14:10  Drone x6  
  170  14:11  Drone x2  
  170  14:12  Drone x2  
  179  14:21  Zerg Flyer Weapons Level 2  
  179  14:24  Corruptor x10  
  165  14:50  Lurker x4  
  117  15:41  Hydralisk x11  
  117  15:42  Hydralisk x10  
  158  15:54  Hydralisk x5  
  168  16:09  Spore Crawler  
  161  16:40  Overseer x5  
  161  16:43  Overlord x6  
  161  16:44  Overlord  
  159  16:51  Hydralisk x11  
  181  17:14  Hatchery  
  180  17:20  Hatchery  
  165  17:40  Overseer  
  129  18:20  Hydralisk x2  
  129  18:21  Hydralisk x13  
  151  18:39  Brood Lord x3  
Tags
 
Composition
Lurkers
Matchup
TvZ
Replay Pack
MrFercho
Spawn Locations
Cross Positions
Strategy
Banshee Rush
Add a new tag
Caveats
  • Supply blocks, unpowered buildings, or Contaminate may cause inaccurate times.
  • Supply counts are checked every 10 seconds.